 Dungeon Crawl Stone Soup version 0.30.1-6-gbe392663c4 (webtiles) character file.

Game seed: 16833306188845413000

1047 Ivernyr the Slasher (level 8, 0/42 HPs)
             Began as a Vine Stalker Gladiator on Sept 20, 2023.
             Was a Follower of Wu Jian.
             Killed from afar by Pikel (11 damage)
             ... with a bolt of acid
             ... on level 6 of the Dungeon.
             The game lasted 00:09:05 (3402 turns).

Ivernyr the Slasher (Vine Stalker Gladiator)        Turns: 3402, Time: 00:09:06

Health: 0/42       AC:  3    Str: 16    XL:     8   Next: 25%
Magic:  0/9        EV: 15    Int:  8    God:    Wu Jian [*.....]
Gold:   242        SH:  0    Dex: 25    Spells: 7/7 levels left

rFire   . . .        a - +1 falchion (flame)
rCold   . . .        (no shield)
rNeg    . . .        b - +0 leather armour
rPois   .            c - +0 helmet
rElec   .            r - +2 cloak
rCorr   .            (no gloves)
SInv    +            (no boots)
Will    +....        (no amulet)
Stlth   ++           h - +6 ring of dexterity
HPRegen 1.07/turn    t - ring of see invisible
MPRegen 0.11/turn

%: guardian spirit
@: corroded
A: fangs 3, regeneration 1, magic shield, antimagic bite, no potion heal 2
a: Renounce Religion


You were on level 6 of the Dungeon.
You worshipped Wu Jian.
Wu Jian was aware of your devotion.
You visited 1 branch of the dungeon, and saw 6 of its levels.

You collected 242 gold pieces.

Inventory:

Hand Weapons
 a - a +1 falchion of flaming (weapon)
Missiles
 d - 3 throwing nets (quivered)
 e - a javelin
Armour
 b - a +0 leather armour (worn)
 c - a +0 helmet (worn)
 r - a +2 cloak (worn)
Jewellery
 h - a +6 ring of dexterity (left hand)
 t - a ring of see invisible (right hand)
Wands
 p - a wand of flame (5)
 x - a wand of acid (10)
 A - a wand of digging (2)
Scrolls
 i - a scroll of blinking {unknown}
 j - 2 scrolls of teleportation {unknown}
 k - a scroll of enchant weapon {unknown}
 l - 3 scrolls of identify {unknown}
 m - a scroll of vulnerability {unknown}
 n - 2 scrolls of fog {unknown}
 w - a scroll of enchant armour {unknown}
 y - 2 scrolls of fear {unknown}
Potions
 f - 4 potions of mutation {unknown}
 g - a potion of brilliance {unknown}
 o - a potion of heal wounds {unknown}
 q - a potion of ambrosia {unknown}
 s - a potion of flight {unknown}
 u - a potion of haste {unknown}
 v - a potion of cancellation {unknown}
 z - a potion of lignification {unknown}


   Skills:
 + Level 4.1 Fighting
 * Level 6.0 Long Blades
 - Level 1.7 Throwing
 + Level 3.1 Armour
 + Level 4.2 Dodging


You had 7 spell levels left.
You didn't know any spells.
Your spell library contained the following spells:

 Spells                   Type           Power      Damage    Failure   Level
 Apportation              Tloc           0%         N/A       45%         1
 Ensorcelled Hibernation  Hex/Ice        0%         N/A       61%         2
 Passwall                 Tmut/Erth      0%         N/A       61%         2
 Poisonous Vapours        Pois/Air       0%         N/A       61%         2
 Ignite Poison            Fire/Tmut/Pois 0%         N/A       83%         3
 Mephitic Cloud           Conj/Pois/Air  0%         N/A       83%         3
 Swiftness                Air            0%         N/A       83%         3
 Sticky Flame             Conj/Fire      0%         2d3       99%         4
 Alistair's Intoxication  Tmut/Pois      0%         N/A       100%        5
 Freezing Cloud           Conj/Ice/Air   0%         6-21      100%        5
 Ignition                 Fire           0%         3d3       100%        8


Dungeon Overview and Level Annotations

Branches:
Dungeon (6/15)             Temple (0/1) D:5

Altars:
Dithmenos
Elyvilon
Fedhas
Kikubaaqudgha
Okawaru
Wu Jian

Shops:
D:5 (

Annotations:
D:4 3 runed translucent doors, Quickbrownfox's ghost, amateur DsCj
D:5 2 runed translucent doors, beigtais's ghost, novice SpHu
D:6 Pikel


Innate Abilities, Weirdness & Mutations

You have razor-sharp teeth.
Your natural rate of healing is unusually fast.
When hurt, damage is shared between your health and your magic reserves.
Your bite disrupts and absorbs the magic of your enemies.
Potions cannot restore your health.


Message History

The lemure shouts! x2
Pikel zaps a wand.
The bolt of acid hits you! The lemure attacks as you move away!
The lemure misses you.
You slash the lemure! You burn the lemure.
The lemure is heavily wounded.
The lemure hits you but does no damage.
You barely miss the lemure. You bite the lemure. You drain its power.
You feel invigorated.
The lemure is heavily wounded.
The lemure hits you but does no damage.
You slash the lemure! You burn the lemure.
You kill the lemure!
That felt strangely unrewarding.
You slash Pikel! You burn Pikel. Your bite misses Pikel.
Pikel is moderately wounded.
Pikel hits you with a +2 whip of freezing.
Pikel freezes you.
You hit Pikel. You burn Pikel. You bite Pikel. You drain his power.
Pikel is heavily wounded.
Pikel zaps a wand.
The bolt of acid hits you!
You hit Pikel but do no damage. Your bite misses Pikel.
Pikel is heavily wounded.
Pikel zaps a wand.
The bolt of acid hits you. The acid corrodes you!
You miss Pikel. You punch Pikel, but do no damage. Your bite misses Pikel.
Pikel is heavily wounded.
Pikel completely misses you.
You hit Pikel. You burn Pikel. You bite Pikel! You drain his power.
You feel invigorated.
Pikel is severely wounded.
Pikel zaps a wand.
The bolt of acid hits you!
You hit Pikel. You burn Pikel.
Pikel is almost dead.
Pikel hits you with a +2 whip of freezing!
* * * LOW HITPOINT WARNING * * *
Pikel freezes you.
* * * LOW HITPOINT WARNING * * *
You hit Pikel but do no damage. Your bite misses Pikel.
Pikel is almost dead.
Pikel zaps a wand.
The bolt of acid hits you!
You die...

###..######.# #.......#.##
.. #..........# ..# #
#.#####+#.## #.# .#
#.#........###. #.###.###
..#...........>.....5...
####........######.....##.
#........######......<.
###........@K555.......
####....#####.....##
#....##........#
##+#...........#
#...≈§≈§≈≈.......
#...≈≈≈≈≈≈...!...
#...≈§8§≈≈.######
#...≈≈§>§≈.# #.#.≈≈≈≈§≈.#


You could see Pikel and 3 lemures.

Vanquished Creatures
  Sigmund (D:2)
  A sky beast (D:6)
  3 black bears (D:5)
  A lemure (D:6)
  2 jellies
  An orc priest (D:5)
  A hound (D:5)
  2 sleepcaps
  Crazy Yiuf (D:2)
  Terence (D:2)
  An iguana (D:5)
  4 orc wizards
  Robin (D:2)
  5 adders
  An ufetubus (D:5)
  A worm (D:3)
  4 dart slugs
  13 orcs
  5 bats
  7 endoplasms
  3 giant cockroaches
  13 goblins
  7 hobgoblins
  4 jackals (D:2)
  7 kobolds
  4 quokkas
  7 ball pythons
  7 frilled lizards
  4 rats
112 creatures vanquished.

Notes
Turn   | Place    | Note
-------+----------+-------------------------------------------
     0 | D:1      | Ivernyr the Vine Stalker Gladiator began the quest for the
                  | Orb.
     0 | D:1      | Reached XP level 1. HP: 11/11 MP: 2/2
   106 | D:1      | Reached XP level 2. HP: 15/15 MP: 3/3
   194 | D:1      | Reached skill level 3 in Long Blades
   409 | D:1      | Reached XP level 3. HP: 18/18 MP: 4/4
   466 | D:1      | Found a faded altar of an unknown god.
   729 | D:2      | Identified the +3 trident of Diylompe {flame, Dex+2 SInv}
   957 | D:2      | Noticed Sigmund
   972 | D:2      | Killed Sigmund
   973 | D:2      | Reached skill level 4 in Long Blades
   973 | D:2      | Reached skill level 1 in Armour
   973 | D:2      | Gained mutation: Your natural rate of healing is unusually
                  | fast. [Vine Stalker growth]
   973 | D:2      | Reached XP level 4. HP: 7/23 MP: 2/5
   973 | D:2      | Reached XP level 5. HP: 9/28 MP: 2/6
  1108 | D:2      | Noticed Terence
  1116 | D:2      | Killed Terence
  1117 | D:2      | Reached XP level 6. HP: 30/32 MP: 5/7
  1498 | D:2      | Noticed Robin
  1504 | D:2      | Killed Robin
  1576 | D:2      | Found a runed translucent door.
  1577 | D:2      | Noticed Crazy Yiuf
  1586 | D:2      | Killed Crazy Yiuf
  1784 | D:3      | Found an ancient bone altar of Kikubaaqudgha.
  1784 | D:3      | Found an ornate altar of the Wu Jian Council.
  1864 | D:3      | Became a worshipper of the Wu Jian Council
  2189 | D:4      | Found a runed translucent gate.
  2190 | D:4      | Found a runed translucent gate.
  2194 | D:4      | Noticed Quickbrownfox's ghost (amateur DsCj)
  2237 | D:4      | Found a runed translucent gate.
  2497 | D:4      | Found an iron altar of Okawaru.
  2497 | D:4      | Found a shadowy altar of Dithmenos.
  2503 | D:4      | Reached XP level 7. HP: 36/36 MP: 8/8
  2669 | D:5      | Entered Level 5 of the Dungeon
  2698 | D:5      | Found a staircase to the Ecumenical Temple.
  2717 | D:5      | Found Lenuar Vyhuh's Weapon Boutique.
  2764 | D:5      | Found a white marble altar of Elyvilon.
  2785 | D:5      | Reached skill level 5 in Long Blades
  2786 | D:5      | Reached * piety under Wu Jian
  2822 | D:5      | Found a large runed translucent door.
  2822 | D:5      | Found a large runed translucent door.
  2853 | D:5      | Identified the +0 robe "Reitoll" {Str+2}
  3120 | D:5      | Gained mutation: You have razor-sharp teeth. [Vine Stalker
                  | growth]
  3120 | D:5      | Reached XP level 8. HP: 41/42 MP: 9/9
  3240 | D:5      | Noticed beigtais's ghost (novice SpHu)
  3360 | D:6      | Reached skill level 6 in Long Blades
  3376 | D:6      | Found a blossoming altar of Fedhas.
  3385 | D:6      | Noticed Pikel
  3402 | D:6      | Killed from afar by Pikel

Illustrated notes

Levels and vault maps discovered:
D:1:      ncdulo_smallfort, layout_basic, dreamdust_ecumenical_altar_grove
D:2:      layout_basic, uniq_crazy_yiuf_cottage, uniq_sigmund, uniq_terence,
          uniq_robin
D:3:      layout_rooms, gammafunk_temple_overflow_wave, minivault_23
D:4:      layout_rooms, amethyst_overflow_temple_binary, gammafunk_ghost_split
D:5:      layout_basic, elyvilon_altar_1, temple_doors_e,
          ebering_ghost_disaster_area, serial_shops, shop
D:6:      layout_basic, general_overflow_altar,
          mainiacjoe_overflow_tiny_flanked,
          nicolae_uskayaw_murder_on_the_dancefloor, uniq_pikel

Skill      XL: |  1  2  3  4  5  6  7  8 |
---------------+-------------------------+-----
Fighting       | 2 3 4 |  4.1
Long Blades    | 3 4 5 6 |  6.0
Armour         | 1 2 3 |  3.1
Dodging        | 3 4 |  4.2
Throwing       | |  1.7

Action                     |  1- 3 |  4- 6 |  7- 9 || total
---------------------------+-------+-------+-------++-------
  Melee: Long sword        |    69 |       |       ||    69
         Bite              |    22 |    30 |    21 ||    73
         Trident           |    24 |    22 |       ||    46
         Punch             |     1 |     1 |     4 ||     6
         Falchion          |       |    74 |    78 ||   152
Ability: Lunge             |       |     9 |     7 ||    16
         Whirlwind         |       |       |     1 ||     1
   Stab: Sleeping          |     4 |     4 |     5 ||    13
 Armour: Leather armour    |    28 |    22 |    18 ||    68
  Dodge: Dodged            |    74 |    40 |    45 ||   159
